 Dungeon Crawl Stone Soup version 0.17-a0-2171-ga91b4ec (webtiles) character file.

63 kosy22 the Ducker (level 3, -15/36 HPs)
             Began as a Troll Fighter on Oct 25, 2015.
             Demolished by a gnoll
             ... wielding a +0 halberd
              (18 damage)
             ... on level 2 of the Dungeon.
             The game lasted 00:02:22 (1026 turns).

kosy22 the Ducker (Troll Fighter)                   Turns: 1026, Time: 00:02:23

Health: -15/36     AC:  5    Str: 25    XL:     3   Next: 87%
Magic:  2/2        EV: 14    Int:  4    God:
Gold:   166        SH:  9    Dex: 16    Spells: 0 memorised, 2 levels left

rFire  . . .     SeeInvis .       - Unarmed
rCold  . . .     Clarity  .     a - +0 robe
rNeg   . . .     SustAt   .     b - +0 shield
rPois  +         Gourm    +     (helmet restricted)
rElec  .         Spirit   .     (no cloak)
rCorr  .         Warding  .     (gloves unavailable)
rMut   .         Stasis   .     (boots unavailable)
MR     .....                    (no amulet)
Stlth  ++........               d - ring of poison resistance
                                f - ring of flight

@: agile, very slightly contaminated, invisible, not resistant to hostile
enchantments, unstealthy
A: unfitting armour, claws 3, agile 1, breathe flames 1, fast metabolism 3,
gourmand, regeneration 2, shaggy fur 1, tough skin 2, subdued magic 1
a: Breathe Fire, Evoke Flight


You were on level 2 of the Dungeon.
You were not hungry.

You visited 1 branch of the dungeon, and saw 2 of its levels.

You collected 166 gold pieces.

Inventory:

Armour
 a - a +0 robe (worn)
 b - a +0 shield (worn)
Jewellery
 d - a ring of poison resistance (right claw)
 f - a ring of flight (left claw)
Scrolls
 h - a scroll of random uselessness {unknown}
 l - 2 scrolls of identify {unknown}
 m - a scroll of magic mapping {unknown}
 n - 2 scrolls of immolation {unknown}
Potions
 c - a potion of might
 g - a potion of cancellation
Comestibles
 k - a meat ration


   Skills:
 + Level 2.8 Fighting
 + Level 3.0 Dodging
 + Level 0.1 Stealth
 + Level 2.9 Shields
 + Level 2.2 Unarmed Combat


You had 2 spell levels left.
You didn't know any spells.

Dungeon Overview and Level Annotations

Branches:
Dungeon (2/15)

Altars:


Innate Abilities, Weirdness & Mutations

You are too large for most types of armour.
You have claws for hands.
Your metabolism is lightning-fast.
You like to eat raw meat.
You heal very quickly.
You are covered in fur (AC +1).
You have very tough skin (AC +2).
You are agile. (Dex +2)
You can breathe flames.
Your spells are a little easier to cast, but a little less powerful.


Message History

Drink which item? (? for menu, Esc to quit)
It was a potion of cancellation.
You feel magically purged. The gnoll hits you with a halberd.
* * * LOW HITPOINT WARNING * * *
You block the gnoll's attack.
Drink which item? (? for menu, Esc to quit)
It was a potion of invisibility.
You fade into invisibility!
You block the gnoll's attack. The gnoll barely misses you.
You are very lightly contaminated with residual magic.
Drink which item? (? for menu, Esc to quit)
It was a potion of mutation.
You feel extremely strange.
Your throat feels hot.
You feel agile.
Your connection to magic feels subdued.
The gnoll closely misses you.
Drink which item? (? for menu, Esc to quit)
It was a potion of agility.
You feel agile all of a sudden. You block the gnoll's attack.
The gnoll hits you with a halberd!!
Ouch! That really hurt!
You die...

#.# ###### #.#
...... ##.######
.#####
#.........
#..#######
########(.#
..........#
#.....g.#.......
#......@########
......g)#
#..!....#
#........
#..$....#
#########


You could see 2 gnolls.

Vanquished Creatures
  2 gnolls (D:2)
  2 worms (D:2)
  A giant gecko (D:1)
  4 giant cockroaches
  2 hobgoblins
  8 bats
  3 giant newts (D:1)
  5 goblins
  3 kobolds
  6 rats
36 creatures vanquished.

Notes
Turn   | Place    | Note
--------------------------------------------------------------
     0 | D:1      | kosy22 the Troll Fighter began the quest for the Orb.
     0 | D:1      | Reached XP level 1. HP: 22/22 MP: 0/0
   274 | D:1      | Reached XP level 2. HP: 29/29 MP: 1/1
   755 | D:2      | Reached XP level 3. HP: 29/36 MP: 2/2
  1018 | D:2      | Reached skill level 3 in Dodging
  1021 | D:2      | HP: 1/36 [gnoll/halberd (7)]
  1025 | D:2      | Gained mutation: You can breathe flames. [potion of mutation]
  1025 | D:2      | Gained mutation: You are agile. (Dex +2) [potion of mutation]
  1025 | D:2      | Gained mutation: Your spells are a little easier to cast, but a little less powerful. [potion of mutation]
  1026 | D:2      | Demolished by a gnoll

Vault maps used:
D:1:      dpeg_arrival_castle

Action                   || total
-------------------------++-------
Melee: Unarmed           ||    96
  Use: Scroll            ||     3
       Potion            ||     4
  Eat: Bread ration      ||     2
